Map: Dusk Towers

Players

ILLBdA

  • Race: Protoss Protoss
  • League: Diamond

꽃미남저그 - Winner!

  • Race: Zerg Zerg
  • League: Diamond

VOD

Have the link to the VOD?

Description

Time

  • Played on: Dec. 13, 2015, 7:06 a.m.
  • Length: 5:04
Show
View Real Time Build Order
Export as new Build Order

ILLBdA Protoss 

Build Orders:  

Get SALT Encoding   

  12  0:04  Probe (Chrono Boost)  
  13  0:15  Probe (Chrono Boost)  
  14  0:39  Pylon  
  14  0:57  Gateway  
  14  0:58  Gateway  
  14  0:59  Gateway  
  14  1:07  Gateway  
  15  1:11  Probe (Chrono Boost)  
  15  1:20  Pylon  
  19  1:48  Zealot x2 (Chrono Boost)  
  19  1:49  Zealot (Chrono Boost)  
  19  1:54  Zealot (Chrono Boost)  
  23  1:59  Pylon  
  25  2:16  Zealot (Chrono Boost)  
  25  2:20  Zealot (Chrono Boost)  
  29  2:26  Zealot (Chrono Boost)  
  29  2:38  Zealot (Chrono Boost)  
  29  2:43  Zealot (Chrono Boost)  
  33  2:49  Zealot (Chrono Boost)  
  35  2:56  Zealot (Chrono Boost)  
  33  3:03  Zealot (Chrono Boost)  
  35  3:12  Zealot (Chrono Boost)  
  37  3:17  Zealot (Chrono Boost)  
  39  3:29  Pylon  
  45  3:51  Zealot x3 (Chrono Boost)  
  45  3:52  Zealot (Chrono Boost)  
  47  4:21  Zealot (Chrono Boost)  
  47  4:23  Zealot (Chrono Boost)  
  41  4:25  Zealot (Chrono Boost)  
Show
View Real Time Build Order
Export as new Build Order

꽃미남저그 Zerg - Winner!

Build Orders: Hatch First 

Get SALT Encoding   

  12  0:01  Drone  
  13  0:10  Drone  
  14  0:17  Overlord  
  14  0:28  Extractor  
  13  0:29  Extractor  
  13  0:30  Drone x2  
  16  0:36  Drone  
  17  0:57  Hatchery  
  16  1:02  Drone x2  
  18  1:05  Extractor  
  17  1:20  Spawning Pool  
  16  1:35  Drone  
  16  1:36  Drone x2  
  19  2:02  Extractor  
  19  2:08  Queen  
  18  2:09  Spine Crawler  
  18  2:10  Zergling x6  
  18  2:13  Spine Crawler  
  21  2:18  Zergling x2  
  21  2:22  Zergling x2  
  23  2:28  Zergling x2  
  24  2:30  Zergling x2  
  25  2:43  Spine Crawler  
  25  2:44  Zergling x2  
  25  2:45  Zergling x2  
  25  2:48  Metabolic Boost  
  27  2:57  Zergling x2  
  23  3:10  Zergling x4  
  23  3:11  Zergling x4  
  25  3:17  Zergling x6  
  27  3:32  Zergling x2  
  23  3:34  Zergling x4  
  25  3:41  Spine Crawler  
  25  3:45  Zergling x4  
  25  3:46  Spine Crawler, Zergling x2  
  26  3:50  Zergling x2  
  27  4:01  Overlord  
  25  4:11  Zergling x4  
  25  4:12  Overlord  
  27  4:23  Spine Crawler  
  20  4:39  Zergling x10  
Tags
 
Matchup
PvZ
Replay Pack
me
Add a new tag
Caveats
  • Supply blocks, unpowered buildings, or Contaminate may cause inaccurate times.
  • Supply counts are checked every 10 seconds.